Map: Orbital Shipyard

Players

AcerBly (Bly)

  • Race: Zerg Zerg
  • League: Grandmaster

Elazer - Winner!

  • Race: Zerg Zerg
  • League: Grandmaster

Event: 2016 WCS Winter Circuit Championship

VOD

Have the link to the VOD?

Description

Time

  • Played on: March 3, 2016, 6:11 a.m.
  • Length: 11:58

All games in this series

Show
View Real Time Build Order
Export as new Build Order

AcerBly Zerg 

Build Orders: Hatch First 

Get SALT Encoding   

  12  0:01  Drone  
  13  0:12  Overlord  
  13  0:18  Drone  
  14  0:31  Drone x2  
  14  0:34  Drone  
  17  0:51  Hatchery  
  16  1:00  Drone, Extractor  
  16  1:09  Spawning Pool  
  15  1:12  Drone  
  15  1:17  Drone  
  17  1:19  Drone  
  18  1:29  Drone  
  19  1:43  Overlord  
  19  1:55  Queen  
  19  1:56  Zergling x2  
  19  2:01  Metabolic Boost  
  22  2:03  Zergling x2  
  22  2:05  Queen  
  25  2:13  Drone x2  
  27  2:16  Drone  
  27  2:22  Drone  
  29  2:25  Drone  
  30  2:39  Drone  
  31  2:46  Hatchery  
  31  2:48  Zergling x4  
  32  2:52  Zergling x2  
  32  2:57  Overlord  
  33  3:05  Roach Warren  
  32  3:07  Zergling x4  
  32  3:09  Drone  
  35  3:14  Drone  
  36  3:21  Drone  
  36  3:22  Drone x2  
  36  3:26  Drone x2  
  41  3:31  Overlord  
  40  3:43  Overlord  
  40  3:44  Zergling x6  
  41  3:51  Drone x2  
  41  3:52  Drone  
  41  3:54  Drone  
  41  3:55  Drone x2  
  47  4:01  Overlord  
  47  4:03  Queen  
  47  4:09  Overlord  
  49  4:13  Extractor, Roach x2  
  49  4:16  Roach  
  54  4:19  Roach  
  56  4:29  Roach x4  
  56  4:41  Roach x3  
  59  4:50  Zergling x2  
  59  4:51  Zergling x6  
  58  4:54  Lair  
  58  4:56  Queen, Extractor  
  59  5:03  Queen  
  59  5:06  Drone  
  62  5:10  Drone x2  
  62  5:12  Drone  
  65  5:16  Drone x2  
  65  5:18  Drone  
  68  5:24  Ravager  
  68  5:25  Drone x3  
  72  5:33  Drone  
  72  5:34  Drone x3  
  76  5:38  Drone x2  
  76  5:40  Drone x2  
  80  5:47  Extractor  
  78  5:51  Drone x2  
  78  5:52  Drone  
  78  5:56  Spire  
  80  6:01  Drone  
  80  6:04  Overlord x4  
  81  6:10  Extractor  
  80  6:27  Drone  
  80  6:28  Drone x2  
  80  6:29  Drone x2  
  80  6:30  Extractor, Drone x3  
  87  6:33  Overlord  
  87  6:37  Overlord  
  87  7:06  Drone x3  
  87  7:08  Mutalisk x10  
  90  7:13  Drone x2  
  90  7:14  Drone x2  
  114  7:15  Overlord  
  114  7:20  Mutalisk  
  116  7:27  Mutalisk  
  116  7:28  Mutalisk  
  120  7:31  Drone  
  120  7:32  Drone x4  
  125  7:38  Hatchery  
  125  7:41  Mutalisk x2  
  128  7:45  Overlord  
  128  7:47  Glial Reconstitution  
  128  7:48  Overlord  
  128  7:53  Roach  
  128  7:54  Roach x3  
  128  7:55  Overlord  
  128  7:57  Overlord x2  
  131  8:29  Mutalisk x3  
  131  8:30  Mutalisk x2  
  136  8:35  Drone x4  
  136  8:36  Drone x3  
  138  8:44  Overlord  
  130  8:49  Mutalisk x2  
  130  8:55  Drone x5  
  128  8:56  Queen  
  128  9:00  Drone x2  
  128  9:01  Drone x2  
  128  9:05  Drone x3  
  127  9:17  Roach x2  
  127  9:18  Roach x2  
  127  9:21  Roach  
  127  9:22  Hatchery, Roach x2  
  138  9:26  Roach x3  
  146  9:31  Roach  
  146  9:40  Roach  
  146  9:41  Roach x5  
  150  9:47  Ravager x2  
  150  9:48  Ravager  
  138  10:01  Hatchery  
  138  10:02  Roach x7  
  138  10:03  Roach x3  
  136  10:12  Roach  
  136  10:13  Roach x2  
  118  10:21  Roach x5  
  107  10:34  Mutalisk x2  
  107  10:35  Mutalisk  
  110  10:38  Drone  
  110  10:41  Drone  
  108  10:54  Hatchery, Drone x5  
  108  10:55  Drone x4  
  116  11:07  Roach x4  
  86  11:22  Roach x6  
  87  11:32  Roach x3  
  80  11:37  Roach x2  
Show
View Real Time Build Order
Export as new Build Order

Elazer Zerg - Winner!

Build Orders: Hatch First 

Get SALT Encoding   

  12  0:00  Drone  
  13  0:12  Overlord  
  13  0:17  Drone  
  14  0:30  Drone  
  14  0:31  Drone  
  14  0:34  Drone  
  17  0:51  Hatchery  
  17  0:55  Drone  
  17  0:57  Drone  
  18  1:09  Extractor  
  17  1:12  Spawning Pool  
  17  1:15  Drone  
  17  1:18  Drone  
  18  1:28  Drone  
  19  1:38  Overlord  
  19  1:53  Drone  
  20  1:58  Queen  
  20  2:00  Zergling x2  
  23  2:02  Queen  
  23  2:03  Drone  
  26  2:08  Metabolic Boost  
  26  2:11  Drone  
  26  2:14  Drone  
  28  2:22  Drone  
  29  2:25  Drone  
  30  2:33  Hatchery  
  29  2:38  Queen  
  29  2:43  Drone  
  32  2:44  Drone  
  32  2:47  Zergling x2  
  34  2:52  Overlord  
  34  2:53  Drone  
  34  2:57  Drone  
  36  3:11  Drone x3  
  39  3:13  Overlord  
  39  3:14  Drone x2  
  40  3:20  Zergling x2  
  40  3:21  Zergling x4  
  42  3:28  Zergling x2  
  42  3:31  Queen x2  
  47  3:36  Zergling x2  
  47  3:37  Zergling x2  
  47  3:47  Zergling x2  
  47  3:48  Zergling x12  
  51  3:52  Zergling x2  
  51  3:53  Zergling x2  
  52  4:00  Drone x3  
  55  4:07  Extractor  
  55  4:08  Roach Warren  
  53  4:10  Drone  
  53  4:11  Drone x2  
  56  4:19  Overlord  
  56  4:20  Drone  
  57  4:25  Drone  
  57  4:36  Overlord  
  57  4:37  Drone x4  
  59  4:41  Evolution Chamber  
  59  4:42  Drone x5  
  59  4:43  Drone x2  
  59  4:45  Drone  
  64  4:49  Drone  
  57  4:55  Roach  
  57  4:59  Roach x3  
  65  5:00  Overlord  
  65  5:01  Overlord  
  65  5:06  Extractor, Roach x2  
  68  5:08  Spine Crawler  
  68  5:11  Roach x3  
  73  5:14  Overlord  
  73  5:18  Queen  
  73  5:20  Roach x3  
  81  5:22  Roach  
  81  5:24  Roach  
  81  5:25  Roach  
  87  5:31  Roach  
  87  5:35  Overlord  
  89  5:37  Overlord  
  89  5:38  Drone  
  89  5:41  Lair  
  90  5:44  Drone x5  
  90  5:46  Drone x2  
  98  5:51  Extractor  
  98  5:52  Drone, Extractor  
  98  5:53  Drone  
  98  5:55  Overlord  
  98  5:58  Drone x6  
  98  6:02  Overlord  
  104  6:05  Ravager x2  
  104  6:06  Overlord  
  104  6:10  Drone  
  107  6:12  Extractor  
  107  6:15  Drone x3  
  109  6:26  Overlord  
  109  6:29  Zerg Missile Weapons Level 1  
  109  6:35  Pneumatized Carapace  
  109  6:38  Ravager x2  
  111  6:40  Drone  
  111  6:42  Overlord x2  
  111  6:44  Glial Reconstitution  
  112  6:48  Overseer, Zergling x2  
  113  6:59  Roach x8  
  129  7:03  Hatchery  
  128  7:10  Roach x6  
  140  7:21  Hydralisk Den  
  139  7:28  Overlord  
  138  7:31  Spore Crawler, Drone  
  138  7:37  Overlord  
  138  7:38  Drone  
  138  7:39  Spore Crawler, Drone  
  138  7:40  Spore Crawler  
  138  7:51  Hydralisk x9  
  138  7:54  Muscular Augments  
  138  7:57  Overlord x2  
  156  8:03  Hydralisk x3  
  162  8:11  Overlord  
  162  8:12  Overlord  
  156  8:13  Hydralisk x3  
  157  8:23  Hydralisk x3  
  157  8:33  Hydralisk  
  157  8:34  Hydralisk x3  
  159  8:45  Roach x5  
  159  8:46  Roach x2  
  171  8:54  Roach x6  
  177  8:56  Extractor  
  177  8:58  Drone  
  177  8:59  Spore Crawler  
  177  9:00  Extractor  
  171  9:03  Hydralisk x3  
  171  9:08  Queen  
  171  9:09  Queen x3  
  175  9:19  Hydralisk x5  
  185  9:28  Hydralisk  
  185  9:29  Hydralisk x3  
  191  9:33  Overlord x2  
  191  9:44  Hydralisk  
  191  9:45  Hydralisk  
  181  10:00  Roach x9  
  181  10:12  Hydralisk x6  
  168  10:15  Hydralisk  
  168  10:16  Hydralisk x3  
  176  10:23  Roach x2  
  158  10:31  Hydralisk  
  158  10:32  Hydralisk x2  
  162  10:37  Hydralisk  
  162  10:38  Hydralisk x2  
  160  10:51  Roach x6  
  160  10:53  Ravager  
  173  11:00  Roach x4  
  173  11:01  Ravager x2  
  173  11:02  Ravager  
  182  11:16  Roach x5  
  182  11:17  Roach x2  
  186  11:28  Roach x3  
Tags
 
Add a new tag
Caveats
  • Supply blocks, unpowered buildings, or Contaminate may cause inaccurate times.
  • Supply counts are checked every 10 seconds.